Map: Berlingrad LE

Players

HUNTER - Winner!

  • Race: Protoss Protoss
  • League: Diamond
  • Spawn Location: 11:00

Horstem

  • Race: Terran Terran
  • League: Platinum
  • Spawn Location: 5:00

VOD

Have the link to the VOD?

Description

Wjhat could have been done beeter

Time

  • Played on: May 11, 2022, 2:22 p.m.
  • Length: 16:32
Show
View Real Time Build Order
Export as new Build Order

HUNTER Protoss - Winner!

Build Orders:  

Get SALT Encoding   

  12  0:00  Probe (Chrono Boost)  
  13  0:10  Probe (Chrono Boost)  
  14  0:15  Probe  
  15  0:22  Pylon  
  15  0:40  Probe  
  16  0:52  Probe  
  17  1:04  Probe  
  18  1:18  Gateway  
  18  1:20  Gateway  
  18  1:21  Assimilator, Gateway  
  18  1:23  Probe  
  18  1:25  Assimilator  
  19  1:35  Probe (Chrono Boost)  
  20  1:45  Probe (Chrono Boost)  
  21  1:50  Probe (Chrono Boost)  
  22  2:01  Probe  
  22  2:05  Cybernetics Core  
  23  2:13  Pylon  
  23  2:22  Pylon  
  23  2:31  Zealot, Gateway, Probe  
  26  2:38  Warp Gate (Chrono Boost)  
  26  2:51  Stalker  
  27  3:08  Probe  
  25  3:20  Probe (Chrono Boost)  
  25  3:31  Probe (Chrono Boost)  
  26  3:35  Probe (Chrono Boost)  
  26  3:37  Twilight Council  
  27  3:47  Probe  
  28  3:53  Stalker  
  30  4:19  Charge (Chrono Boost)  
  30  4:26  Stalker  
  30  4:27  Stalker x2  
  36  4:44  Pylon  
  36  4:58  Stalker  
  38  5:00  Nexus  
  38  5:04  Shield Battery  
  38  5:06  Robotics Facility  
  38  5:21  Zealot  
  39  5:29  Pylon  
  39  5:31  Pylon  
  39  5:34  Pylon  
  39  5:53  Observer  
  28  6:13  Zealot x2  
  28  6:14  Zealot x2  
  36  6:26  Probe (Chrono Boost)  
  37  6:36  Probe (Chrono Boost)  
  38  6:41  Probe (Chrono Boost)  
  39  6:52  Probe (Chrono Boost)  
  41  6:55  Probe (Chrono Boost)  
  41  7:01  Probe (Chrono Boost)  
  42  7:04  Probe (Chrono Boost)  
  42  7:07  Probe (Chrono Boost)  
  45  7:19  Probe (Chrono Boost)  
  45  7:20  Probe (Chrono Boost)  
  46  7:25  Probe (Chrono Boost)  
  46  7:28  Probe (Chrono Boost)  
  48  7:31  Zealot x2  
  48  7:33  Probe  
  53  7:38  Probe  
  54  7:45  Probe  
  54  7:50  Robotics Bay, Probe  
  56  7:57  Probe  
  56  7:58  Observer  
  58  8:03  Probe (Chrono Boost)  
  59  8:06  Blink (Chrono Boost)  
  60  8:13  Probe (Chrono Boost)  
  60  8:15  Probe (Chrono Boost)  
  60  8:18  Assimilator  
  60  8:19  Observer  
  62  8:23  Assimilator  
  62  8:24  Probe (Chrono Boost)  
  62  8:25  Probe (Chrono Boost)  
  64  8:29  Probe  
  64  8:33  Probe  
  66  8:41  Probe  
  66  8:45  Probe  
  68  8:53  Probe  
  69  8:58  Probe  
  70  9:06  Probe  
  71  9:10  Probe  
  71  9:16  Nexus  
  72  9:17  Zealot  
  72  9:18  Zealot, Observer, Probe  
  72  9:22  Pylon, Probe  
  78  9:30  Extended Thermal Lance (Chrono Boost)  
  78  9:35  Pylon  
  78  9:40  Colossus  
  84  10:03  Robotics Facility  
  84  10:05  Zealot  
  86  10:10  Pylon  
  86  10:17  Templar Archives  
  86  10:21  Gateway  
  86  10:22  Gateway  
  86  10:24  Gateway  
  86  10:25  Observer  
  86  10:26  Gateway  
  86  10:34  Observer  
  87  10:40  Forge  
  87  10:42  Forge  
  87  10:46  Pylon  
  87  10:50  Pylon  
  87  10:56  Shield Battery, Observer  
  88  10:57  Shield Battery  
  88  11:08  Observer, Probe (Chrono Boost)  
  88  11:09  Probe (Chrono Boost)  
  88  11:10  Probe (Chrono Boost)  
  91  11:12  Protoss Ground Weapons Level 1 (Chrono Boost)  
  91  11:13  Protoss Ground Armor Level 1 (Chrono Boost)  
  94  11:18  Probe (Chrono Boost)  
  94  11:19  Probe x2 (Chrono Boost)  
  94  11:22  Disruptor  
  94  11:23  Probe x3 (Chrono Boost)  
  98  11:26  Disruptor  
  103  11:34  Probe  
  103  11:35  Probe x2  
  101  11:47  Probe  
  97  11:49  Stalker x2  
  101  12:20  Colossus x2 (Chrono Boost)  
  81  13:07  Zealot x2  
  81  13:08  Zealot x5  
  81  13:09  Zealot  
  69  13:31  Zealot x3  
  69  13:32  Zealot x3  
  81  13:39  Shield Battery, Probe x3  
  84  13:51  Probe x3  
  87  13:59  Assimilator  
  87  14:02  Psionic Storm  
  87  14:14  Nexus  
  75  14:17  Pylon  
  75  14:18  Probe x3  
  75  14:19  Pylon  
  75  14:21  Pylon  
  78  14:25  Stalker x5  
  78  14:26  Stalker x2  
  78  14:30  Probe x3  
  95  14:33  Disruptor  
  95  14:34  Disruptor  
  101  14:42  Probe x2  
  101  14:44  Assimilator  
  103  14:48  Photon Cannon  
  103  14:54  Photon Cannon  
  103  14:58  Shield Battery  
  103  14:59  Shield Battery  
  103  15:10  Probe (Chrono Boost)  
  103  15:14  High Templar x2  
  106  15:20  Probe (Chrono Boost)  
  109  15:25  Probe (Chrono Boost)  
  110  15:32  Zealot x4  
  110  15:33  Zealot x2  
  122  15:37  Probe  
  104  15:58  Zealot x6  
  104  15:59  Zealot x2  
Show
View Real Time Build Order
Export as new Build Order

Horstem Terran 

Build Orders:  

Get SALT Encoding   

  12  0:00  SCV  
  13  0:13  SCV  
  14  0:19  Supply Depot  
  14  0:26  SCV  
  15  0:41  SCV  
  15  0:42  Barracks  
  16  0:53  SCV  
  17  0:59  Refinery  
  17  1:05  SCV  
  17  1:06  Engineering Bay  
  18  1:13  Supply Depot  
  18  1:22  SCV  
  19  1:36  Bunker  
  20  1:45  Reaper  
  20  1:48  Orbital Command  
  20  1:51  Refinery  
  20  2:12  Barracks  
  20  2:14  Barracks  
  20  2:15  SCV  
  21  2:22  Marine  
  22  2:31  SCV  
  23  2:40  Marine  
  23  2:43  SCV, Factory  
  25  2:55  SCV  
  25  2:58  Marine  
  27  3:07  SCV  
  27  3:11  Marine x2  
  30  3:16  Marine  
  31  3:36  Starport  
  31  3:40  Marine x3  
  34  3:41  Supply Depot  
  34  3:42  Supply Depot  
  34  3:48  SCV  
  35  3:57  Marine  
  35  3:58  Marine x2  
  35  4:01  Command Center  
  38  4:23  Starport Reactor  
  38  4:25  Factory Reactor  
  38  4:34  Barracks Tech Lab x2  
  38  4:42  Barracks Reactor  
  38  4:49  Barracks Reactor  
  37  5:01  Barracks, Widow Mine x2  
  37  5:04  Barracks x2  
  39  5:23  Orbital Command, Widow Mine  
  39  5:27  Widow Mine  
  43  5:32  Stimpack, Combat Shield  
  43  5:42  Starport Reactor  
  43  5:50  Supply Depot  
  43  5:52  Supply Depot  
  47  6:13  Orbital Command  
  47  6:17  Barracks Reactor  
  47  6:18  Barracks Reactor x2  
  47  6:24  SCV  
  36  6:36  SCV  
  37  6:44  Refinery  
  37  6:46  Refinery  
  41  6:48  SCV, Marine, Bunker  
  41  6:49  Marine x4  
  41  6:50  Bunker  
  41  6:51  Bunker  
  43  7:00  SCV  
  45  7:01  SCV  
  45  7:06  Marine  
  45  7:07  Barracks Reactor  
  46  7:12  SCV  
  46  7:13  SCV  
  46  7:14  Engineering Bay  
  48  7:19  Barracks  
  48  7:24  SCV  
  49  7:46  Terran Infantry Weapons Level 1  
  49  7:47  Starport  
  49  7:48  Marine, Marauder x2  
  49  7:49  Marine x6  
  60  7:52  SCV  
  60  7:54  SCV  
  62  8:04  SCV  
  63  8:07  SCV  
  63  8:09  Command Center  
  63  8:10  Marauder  
  66  8:14  Marine  
  66  8:15  Factory  
  66  8:16  SCV  
  66  8:19  SCV  
  69  8:25  Starport Reactor, Barracks Tech Lab  
  69  8:44  SCV x2  
  71  8:56  SCV x2, Factory Reactor  
  71  8:59  Sensor Tower  
  71  9:00  Marauder x2  
  71  9:01  Marauder  
  79  9:05  Marine x2  
  79  9:08  SCV x2  
  83  9:22  Marauder x3  
  89  9:24  Missile Turret  
  89  9:31  Missile Turret  
  89  9:32  Missile Turret  
  89  9:33  Factory Tech Lab  
  89  9:34  Orbital Command  
  89  9:40  Missile Turret  
  89  9:41  Missile Turret  
  89  9:46  Missile Turret  
  89  9:47  Missile Turret  
  89  9:48  Widow Mine x2  
  93  9:53  Siege Tank  
  93  9:59  Liberator  
  99  10:04  Missile Turret  
  99  10:09  Widow Mine  
  100  10:24  Orbital Command  
  100  10:31  Marauder x2, Siege Tank, Widow Mine  
  109  10:41  Missile Turret  
  109  10:47  Hellion  
  109  10:53  SCV x2  
  109  10:54  SCV  
  112  11:06  Terran Infantry Armor Level 1  
  112  11:07  Refinery  
  112  11:10  Armory  
  112  11:13  Siege Tank  
  112  11:14  Engineering Bay  
  112  11:15  Refinery  
  115  11:28  Widow Mine  
  117  11:40  Marine x2  
  117  11:43  Marine x2  
  117  11:49  Marine  
  117  11:51  Marine x4, Siege Tank  
  124  11:56  Supply Depot x2  
  124  12:00  Widow Mine  
  123  12:17  Command Center  
  123  12:19  Sensor Tower  
  123  12:20  Supply Depot  
  123  12:27  Widow Mine x2  
  123  12:29  Marine, Marauder  
  133  12:30  Marine x2, Marauder x2  
  133  12:31  Viking x2  
  133  12:36  Siege Tank  
  141  12:49  Widow Mine  
  141  12:51  Marauder  
  129  13:01  Viking x2  
  89  13:28  Siege Tank, Widow Mine  
  89  13:29  Marine, Widow Mine  
  89  13:30  Marine x5  
  89  13:33  Planetary Fortress  
  94  13:36  Refinery  
  92  13:44  Marauder x3  
  92  13:46  Viking  
  92  13:47  Marine  
  92  13:48  Marine  
  100  14:00  Siege Tank  
  103  14:05  Marine x5, Marauder x2  
  103  14:06  Marauder  
  114  14:16  Widow Mine x2  
  118  14:18  Viking x2  
  116  14:27  Marauder x3  
  116  14:29  SCV  
  123  14:32  Siege Tank  
  123  14:36  SCV  
  127  14:40  SCV  
  127  14:41  SCV  
  129  14:48  SCV, Viking x2, Marauder  
  129  14:49  Widow Mine x2  
  140  14:52  SCV  
  140  14:53  SCV  
  142  15:00  SCV  
  142  15:04  Siege Tank  
  142  15:05  Armory  
  146  15:07  Armory  
  146  15:18  Viking x2  
  146  15:25  Marauder x3  
  152  15:36  Siege Tank  
  152  15:39  Marine x4  
  159  15:46  Marauder  
  159  15:48  Viking x2  
Tags
 
Add a new tag
Caveats
  • Supply blocks, unpowered buildings, or Contaminate may cause inaccurate times.
  • Supply counts are checked every 10 seconds.